Croesus, lawful female human Samurai ---- ----------- --.>-------- |.........| |..........| |.........| |.`-----.-.| |.........| |..|...|`..| |....<....| |.......``-| |.........| |.......|..| |.........| |.----..--.| |.........| |........|.-- |.........| |.---.-....)------------|| |...|...-.....).)...)....| |.....)@%.---------------- -----..|C.| ------- Croesus the Joshu Experience level: 10 Strength: 25 Dexterity: 14 Constitution: 17 Intelligence: 12 Wisdom: 10 Charisma: 9 Health: 0(77) Energy: 15(15) Def: 17 Gold: 0 Moves: 8394 Dungeon seed: WFvPfbyiK1pn5Q9x Game ID: Croesus_1556958487 Your Inventory: Weapons a - the blessed rustproof +0 Excalibur (weapon in hand) d - 27 uncursed +0 ya q - an uncursed +0 mace of fire (wielded in other hand) P - an uncursed +0 katana Q - 10 uncursed +1 darts Y - 23 uncursed +2 darts (in quiver) Armor n - an uncursed +0 pair of elven boots (being worn) r - an uncursed +0 pair of gauntlets of power (being worn) K - an uncursed +0 Uruk-hai shield of clairvoyance T - a blessed +3 dwarvish cloak (being worn) U - an uncursed +0 dwarvish iron helm (being worn) V - an uncursed +0 dwarvish mithril-coat (being worn) Comestibles m - 2 uncursed tripe rations v - an uncursed cram ration C - an uncursed male lizard corpse E - 4 uncursed gunyoki H - an uncursed eucalyptus leaf L - 2 uncursed oranges Scrolls b - an uncursed scroll of teleportation j - an uncursed scroll of food detection p - an uncursed scroll of remove curse x - an uncursed scroll of confuse monster N - a cursed scroll of teleportation Potions R - an uncursed potion of full healing Rings o - an uncursed ring of teleport control Wands c - an uncursed wand of sleep (0:5) l - an uncursed wand of fire (0:7) Tools f - an uncursed oil lamp (0:1137) k - an uncursed skeleton key s - an uncursed stethoscope w - an uncursed tin whistle W - an uncursed mirror Gems A - an uncursed emerald B - an uncursed opal I - 2 uncursed sapphires J - 2 uncursed topaz stones Z - 4 uncursed amethyst stones Spells and supernatural/magical abilities: Name Level Category Cost Memory L - levitation 4 escape 4000pw 97% W - pray for help -- divine ? -- Your skills at the end: Fighting Skills martial arts [Basic] two weapon combat [Basic] wands [Basic] Weapon Skills short sword [Basic] long sword [Expert] bow [Basic] Spellcasting Skills Final Attributes: You were piously aligned. You were poison resistant. You were level-drain resistant. You were telepathic. You were clairvoyant. You were stealthy. You were protected. You were fast. You were wielding two weapons at once. You were extremely unlucky. You last prayed 3946 turns ago. Amaterasu Omikami was pleased with you. You are dead. Vanquished creatures: a large mimic a baby long worm a warg 5 small mimics an ogre lord a wood golem a large dog 2 freezing spheres a shocking sphere a dwarf king an energy vortex a mountain centaur a stone giant a wraith 2 ettin zombies a chameleon a giant beetle a leprechaun an orc-captain an iron piercer 2 horses a gnome king a brown pudding 2 yetis a lizard a chickatrice a dog 2 dingos 2 gnome mummies 3 snakes 2 fire ants a quasit 2 wood nymphs a rock piercer a rock mole a fog cloud 2 yellow lights 6 gnome lords a gnomish wizard 2 kobold mummies 2 red naga hatchlings a golden naga hatchling a gray ooze 2 giant ants 3 floating eyes a kitten 2 dwarves 2 homunculi 2 kobold lords a rothe a rabid rat a monkey 2 orc zombies an iguana 6 killer bees 2 acid blobs 6 coyotes a gas spore a hobbit 4 large kobolds 2 hobgoblins 3 giant rats a cave spider a brown mold a green mold 27 gnomes a garter snake 2 gnome zombies a gecko 3 jackals 3 foxes 3 kobolds 4 goblins 3 sewer rats 2 grid bugs 3 bats 3 lichens a kobold zombie 7 newts 174 creatures vanquished. Voluntary challenges: You had been an atheist until turn 3465. You used a wielded weapon 249 times, starting on turn 116. You read items or engraved 18 times, starting on turn 3568. You never genocided any monsters. You never polymorphed an object. You never changed form. You used no wishes. You never split a pudding. You never wrote Elbereth's name. You never violated your personal moral code. Dungeon overview: The Dungeons of Doom: levels 1 to 11 Level 1 a long staircase Level 2 a general store, a fountain stairs to The Gnomish Mines Level 3 Level 4 a fountain Level 5 some fountains, a vault Level 6 a general store, some fountains, a vault Level 7 a weapon shop Level 8 a fountain, a vault Level 9 many fountains Level 10 a delicatessen, some fountains, a vault stairs to Sokoban Level 11 a fountain, a vault The Gnomish Mines: levels 3 to 6 Level 3 stairs to The Dungeons of Doom Level 4 Level 5 many shops, a temple to Amaterasu Omikami, some fountains, some trees Level 6 Sokoban: levels 8 to 9 Level 8 <- You were here Solved Level 9 Solved stairs to The Dungeons of Doom History has recorded: On T:1 you entered the Dungeons of Doom to retrieve the Amulet of Yendor! On T:131 you reached level 2 of The Dungeons of Doom. On T:432 you reached level 3 of The Dungeons of Doom. On T:579 you advanced to experience level 2. On T:619 you reached level 1 of The Gnomish Mines. On T:756 you reached level 4 of The Dungeons of Doom. On T:863 you advanced to experience level 3. On T:1178 you reached level 5 of The Dungeons of Doom. On T:1409 you reached level 6 of The Dungeons of Doom. On T:1442 you advanced to experience level 4. On T:1889 you reached level 8 of The Dungeons of Doom. On T:1941 you reached level 9 of The Dungeons of Doom. On T:2041 you reached level 7 of The Dungeons of Doom. On T:2664 you advanced to experience level 5. On T:2987 you reached level 2 of The Gnomish Mines. On T:3097 you advanced to experience level 6. On T:3352 you reached level 3 of The Gnomish Mines. On T:3832 you reached level 4 of The Gnomish Mines. On T:4680 you advanced to experience level 7. On T:6121 you reached level 10 of The Dungeons of Doom. On T:6233 you reached level 4 of Sokoban. On T:6698 you reached level 11 of The Dungeons of Doom. On T:7432 you reached level 3 of Sokoban. On T:8237 you advanced to experience level 10. Score breakdown: Gold: 0 ( 0 points) Experience: 10 levels (16712 points) Exploration: 11 levels ( 22.45%) (13693 points) Discoveries: 39 items ( 15.60%) (11849 points) Valuables value: (no points given unless you survive) Artifact value: 4000 (12253 points) Variety of kills: 79 monsters ( 20.79%) (13678 points) Turncount: 8394 turns (-2119 points) Survival: died (score multiplied by 80%) Total score: 52852 Latest messages: The mountain centaur throws a dart! The dart hits the giant rat. You kill the giant rat! The mountain centaur hits! The mountain centaur misses. (2x) You miss the mountain centaur. The mountain centaur misses. The mountain centaur kicks! (2x) You miss the mountain centaur. (2x) The mountain centaur hits! The mountain centaur kicks! (2x) The mountain centaur hits! The mountain centaur kicks! (2x) You miss the mountain centaur. The mountain centaur misses. The mountain centaur kicks! (2x) The mountain centaur hits! The mountain centaur kicks! The mountain centaur misses. You miss the mountain centaur. The mountain centaur hits! The mountain centaur kicks! (2x) You begin praying to Amaterasu Omikami. The mountain centaur hits! You die... Final status: Sayonara Croesus the Samurai, killed by a mountain centaur, while praying... You died in Sokoban on dungeon level 8 with 52852 points, and 0 pieces of gold, after 8394 moves. You were level 10 with a maximum of 77 hit points when you died.